Map: Abiogenesis LE

Players

SvetlanaBae

  • Race: Protoss Protoss
  • League: Master
  • Spawn Location: 5:00

Kyoto - Winner!

  • Race: Protoss Protoss
  • Spawn Location: 11:00

VOD

Have the link to the VOD?

Description

Time

  • Played on: Jan. 30, 2018, 6:26 a.m.
  • Length: 7:33
Show
View Real Time Build Order
Export as new Build Order

SvetlanaBae Protoss 

Build Orders: Phoenix Opening 

Get SALT Encoding   

  12  0:01  Probe  
  13  0:13  Probe  
  14  0:17  Pylon  
  14  0:25  Probe  
  15  0:37  Probe  
  15  0:38  Gateway  
  16  0:45  Assimilator  
  16  0:49  Probe  
  17  1:01  Probe  
  17  1:03  Gateway  
  18  1:11  Assimilator  
  18  1:13  Probe  
  19  1:26  Probe, Cybernetics Core  
  20  1:34  Pylon  
  20  1:39  Probe (Chrono Boost)  
  21  1:49  Probe (Chrono Boost)  
  22  1:54  Probe (Chrono Boost)  
  23  2:04  Adept x2  
  27  2:10  Stargate  
  27  2:17  Pylon  
  27  2:24  Probe  
  27  2:28  Shield Battery  
  28  2:34  Adept  
  30  2:46  Robotics Facility  
  28  2:55  Phoenix (Chrono Boost)  
  28  3:11  Phoenix (Chrono Boost)  
  30  3:24  Probe  
  31  3:31  Phoenix (Chrono Boost)  
  33  3:40  Immortal  
  37  3:57  Phoenix (Chrono Boost)  
  37  4:05  Pylon  
  37  4:13  Phoenix (Chrono Boost)  
  39  4:23  Nexus  
  39  4:32  Probe, Assimilator  
  39  4:38  Phoenix (Chrono Boost)  
  42  4:44  Probe  
  43  4:56  Probe, Phoenix  
  44  5:11  Probe  
  45  5:21  Phoenix  
  47  5:35  Probe, Immortal  
  52  5:36  Probe  
  49  5:47  Probe  
  50  5:51  Probe (Chrono Boost), Phoenix  
  53  5:59  Probe (Chrono Boost)  
  53  6:00  Assimilator  
  53  6:03  Probe (Chrono Boost)  
  55  6:07  Stargate  
  55  6:09  Probe (Chrono Boost)  
  55  6:11  Probe (Chrono Boost)  
  57  6:14  Probe (Chrono Boost)  
  57  6:15  Pylon  
  57  6:16  Probe  
  58  6:22  Phoenix (Chrono Boost)  
  58  6:25  Probe  
  62  6:33  Probe, Pylon  
  63  6:43  Phoenix (Chrono Boost)  
  63  7:02  Phoenix (Chrono Boost)  
  57  7:09  Probe, Phoenix (Chrono Boost)  
  57  7:12  Stargate  
  57  7:15  Shield Battery  
  54  7:17  Shield Battery  
  54  7:18  Probe  
Show
View Real Time Build Order
Export as new Build Order

Kyoto Protoss - Winner!

Build Orders: Phoenix Opening 

Get SALT Encoding   

  12  0:00  Probe  
  13  0:13  Probe  
  14  0:17  Pylon  
  14  0:25  Probe (Chrono Boost)  
  15  0:37  Probe (Chrono Boost)  
  15  0:38  Gateway  
  16  0:44  Probe (Chrono Boost)  
  16  0:46  Assimilator  
  17  0:51  Probe (Chrono Boost)  
  17  0:54  Assimilator  
  18  1:03  Probe (Chrono Boost)  
  19  1:10  Gateway  
  19  1:11  Probe (Chrono Boost)  
  20  1:17  Probe  
  20  1:25  Cybernetics Core  
  21  1:29  Probe  
  22  1:35  Pylon  
  22  1:42  Probe  
  23  1:54  Probe  
  24  2:01  Adept x2  
  24  2:02  Warp Gate  
  24  2:06  Probe  
  29  2:15  Stargate  
  29  2:18  Pylon  
  29  2:33  Stalker  
  29  2:36  Stalker  
  32  2:58  Phoenix (Chrono Boost)  
  32  3:13  Nexus  
  32  3:16  Phoenix (Chrono Boost)  
  32  3:22  Probe  
  33  3:31  Pylon  
  33  3:38  Phoenix (Chrono Boost)  
  33  3:39  Probe  
  36  3:51  Probe  
  37  3:57  Phoenix (Chrono Boost)  
  39  4:03  Probe  
  39  4:08  Assimilator  
  40  4:15  Probe  
  41  4:19  Phoenix (Chrono Boost)  
  41  4:23  Assimilator  
  43  4:25  Probe  
  43  4:27  Probe  
  45  4:32  Stargate  
  45  4:38  Probe  
  46  4:39  Probe  
  46  4:42  Phoenix (Chrono Boost)  
  49  4:50  Probe  
  49  4:51  Probe  
  51  4:59  Phoenix (Chrono Boost)  
  47  5:05  Zealot  
  47  5:07  Zealot  
  49  5:19  Phoenix  
  51  5:23  Phoenix  
  45  5:44  Phoenix (Chrono Boost)  
  45  5:48  Phoenix (Chrono Boost)  
  49  5:50  Probe  
  49  5:51  Probe  
  47  6:02  Probe  
  47  6:03  Probe  
  47  6:04  Phoenix (Chrono Boost)  
  49  6:09  Phoenix (Chrono Boost)  
  49  6:11  Pylon  
  53  6:15  Probe x2  
  55  6:21  Phoenix (Chrono Boost)  
  57  6:29  Probe x2  
  61  6:34  Phoenix (Chrono Boost)  
  61  6:39  Phoenix (Chrono Boost), Pylon  
  63  6:47  Probe x2  
  59  6:54  Phoenix (Chrono Boost)  
  67  6:55  Pylon  
  64  7:01  Probe x2  
  62  7:13  Probe x2  
Tags
 
Add a new tag
Caveats
  • Supply blocks, unpowered buildings, or Contaminate may cause inaccurate times.
  • Supply counts are checked every 10 seconds.